Map: Acropolis LE

Players

Eiger - Winner!

  • Race: Protoss Protoss
  • League: Master
  • Spawn Location: 11:00

Mez

  • Race: Terran Terran
  • League: Master
  • Spawn Location: 5:00

VOD

Have the link to the VOD?

Description

Time

  • Played on: Aug. 7, 2019, 1:08 p.m.
  • Length: 9:57
Show
View Real Time Build Order
Export as new Build Order

Eiger Protoss - Winner!

Build Orders: 1 Gate Expand, Oracle Opening 

Get SALT Encoding   

  12  0:00  Probe  
  13  0:12  Probe  
  14  0:18  Pylon  
  14  0:24  Probe  
  15  0:32  Probe  
  15  0:37  Gateway  
  15  0:40  Probe  
  16  0:46  Assimilator  
  17  0:51  Probe  
  18  1:03  Probe  
  19  1:15  Probe  
  20  1:25  Nexus  
  20  1:34  Cybernetics Core  
  20  1:37  Probe  
  21  1:44  Assimilator  
  21  1:49  Probe  
  22  1:54  Pylon  
  23  2:01  Probe  
  23  2:02  Adept  
  25  2:18  Stargate  
  25  2:20  Probe  
  26  2:26  Warp Gate  
  26  2:27  Adept  
  26  2:32  Probe  
  29  2:40  Probe  
  30  2:44  Probe  
  30  2:50  Probe  
  31  2:56  Probe  
  31  2:58  Probe  
  33  3:01  Oracle  
  34  3:08  Probe  
  34  3:12  Probe  
  38  3:16  Assimilator  
  39  3:20  Pylon  
  39  3:25  Robotics Facility  
  39  3:26  Probe  
  40  3:29  Probe  
  41  3:39  Probe  
  42  3:44  Oracle  
  42  3:47  Probe  
  46  3:52  Gateway  
  46  3:53  Gateway  
  46  3:54  Probe  
  47  3:59  Pylon  
  45  4:03  Probe  
  46  4:13  Probe  
  47  4:19  Probe  
  47  4:20  Adept  
  47  4:21  Immortal  
  50  4:25  Probe, Shield Battery  
  50  4:28  Gateway  
  55  4:33  Oracle  
  55  4:35  Pylon  
  54  4:46  Adept  
  54  4:47  Adept  
  54  4:48  Adept  
  51  5:08  Adept x3, Warp Prism  
  51  5:12  Probe  
  60  5:23  Gateway  
  60  5:33  Probe x2  
  60  5:35  Twilight Council  
  62  5:45  Nexus  
  62  5:55  Pylon  
  62  5:56  Probe  
  63  6:09  Probe  
  64  6:12  Pylon  
  64  6:15  Charge  
  64  6:16  Forge  
  64  6:17  Gateway  
  64  6:19  Gateway  
  64  6:28  Protoss Ground Weapons Level 1  
  64  6:31  Probe  
  65  6:34  Pylon  
  65  6:38  Adept x2  
  65  6:39  Probe  
  70  6:43  Probe  
  71  6:48  Pylon  
  71  6:51  Probe  
  70  6:55  Probe  
  69  7:02  Immortal  
  69  7:04  Probe  
  69  7:08  Robotics Bay  
  74  7:10  Robotics Facility  
  74  7:13  Assimilator  
  74  7:20  Probe  
  75  7:28  Probe  
  76  7:30  Immortal, Forge  
  76  7:34  Probe  
  76  7:35  Zealot x4  
  89  7:44  Templar Archives  
  89  7:47  Pylon  
  89  7:53  Probe, Colossus  
  90  7:58  Pylon  
  90  8:00  Colossus  
  102  8:18  Zealot x6  
  114  8:31  Zealot  
  113  8:39  Zealot x6  
  110  8:48  Probe  
  110  8:52  Stalker  
  113  8:59  Stalker x2  
  113  9:00  Stalker x2  
  121  9:11  Probe  
  122  9:22  Zealot x2  
  122  9:23  Zealot  
  124  9:44  Zealot x3  
  122  9:54  Zealot x2  
Show
View Real Time Build Order
Export as new Build Order

Mez Terran 

Build Orders: Reaper Expand 

Get SALT Encoding   

  12  0:00  SCV  
  13  0:13  SCV  
  14  0:17  Supply Depot  
  14  0:25  SCV  
  15  0:39  SCV  
  15  0:40  Barracks  
  16  0:43  Refinery  
  16  0:51  SCV  
  17  1:03  SCV  
  18  1:15  SCV  
  19  1:30  Reaper  
  19  1:31  Orbital Command  
  20  1:46  Command Center  
  20  1:58  SCV  
  20  1:59  Barracks  
  21  2:05  Barracks Reactor  
  21  2:11  SCV  
  21  2:14  Supply Depot  
  22  2:17  Barracks  
  22  2:23  SCV  
  23  2:36  SCV  
  24  2:42  Marine  
  24  2:43  Marine  
  26  2:48  Barracks Tech Lab  
  26  2:53  SCV  
  27  2:59  Orbital Command  
  27  3:00  Marine x2  
  29  3:08  Concussive Shells, Marauder  
  30  3:15  Marine  
  30  3:18  Marine x2  
  33  3:20  SCV  
  33  3:24  Supply Depot  
  33  3:25  SCV  
  35  3:29  Marauder  
  35  3:32  SCV  
  35  3:33  Marine  
  39  3:36  Marine x2  
  39  3:37  SCV  
  42  3:46  SCV  
  42  3:49  SCV  
  42  3:50  Marine, Supply Depot  
  42  3:52  Marine  
  42  3:54  Marine x2  
  47  4:05  SCV x2  
  47  4:09  Marine  
  49  4:10  Marine  
  49  4:12  Marine  
  49  4:18  Marine  
  49  4:23  Engineering Bay  
  50  4:27  Marine, SCV, Command Center  
  52  4:33  SCV  
  53  4:39  SCV  
  53  4:45  SCV  
  55  4:47  Stimpack  
  55  4:49  Factory  
  55  4:51  SCV  
  56  4:57  SCV  
  54  5:03  SCV, Marine  
  54  5:04  Marine x3  
  52  5:09  Missile Turret, SCV  
  52  5:11  Refinery x2  
  52  5:12  Terran Infantry Weapons Level 1  
  50  5:15  SCV  
  50  5:19  Missile Turret  
  51  5:21  SCV  
  51  5:23  Barracks Tech Lab  
  51  5:27  SCV  
  53  5:30  Supply Depot  
  53  5:33  SCV  
  54  5:39  SCV, Orbital Command  
  55  5:45  Refinery, SCV  
  55  5:46  Marine x4  
  55  5:48  Starport  
  55  5:49  Factory Reactor  
  60  5:51  SCV  
  60  5:53  Supply Depot  
  61  5:58  SCV  
  61  5:59  Combat Shield  
  61  6:04  SCV  
  62  6:11  SCV  
  62  6:16  SCV, Barracks  
  62  6:18  Barracks  
  64  6:22  Orbital Command  
  64  6:23  SCV, Marine x2, Marauder x2  
  71  6:28  SCV  
  72  6:35  SCV  
  72  6:37  Missile Turret  
  73  6:40  SCV  
  73  6:41  Marine  
  69  6:47  SCV  
  69  6:51  Marine, Marauder x2  
  69  6:52  SCV, Medivac x2  
  79  6:58  Missile Turret  
  79  6:59  Marine  
  79  7:00  SCV  
  78  7:04  SCV  
  78  7:08  Barracks Reactor  
  79  7:12  SCV  
  79  7:14  SCV  
  81  7:16  SCV  
  81  7:21  Terran Infantry Armor Level 1  
  81  7:23  Medivac  
  81  7:24  Medivac  
  81  7:25  SCV  
  85  7:35  Barracks Tech Lab  
  85  7:38  Supply Depot  
  85  7:41  Supply Depot  
  85  7:45  SCV x3  
  88  7:52  Missile Turret  
  88  7:55  Medivac x2  
  88  7:57  SCV x3  
  88  7:58  Marine x4  
  99  8:07  Supply Depot  
  99  8:12  Marine x3  
  99  8:15  SCV x3  
  99  8:16  Marine  
  99  8:17  Marine  
  99  8:18  Marine  
  105  8:21  Marine  
  105  8:27  SCV x2  
  105  8:30  Marine x2  
  95  8:51  Marine x7  
  96  9:04  Armory  
  96  9:06  Engineering Bay, Supply Depot  
  96  9:09  Marine x4  
  99  9:10  Marauder  
  99  9:15  Marauder x2  
  100  9:26  Marine  
  100  9:27  Marine x2  
  100  9:31  Marauder  
  101  9:33  Widow Mine  
  101  9:35  SCV  
Tags
 
Add a new tag
Caveats
  • Supply blocks, unpowered buildings, or Contaminate may cause inaccurate times.
  • Supply counts are checked every 10 seconds.